 Dungeon Crawl Stone Soup version bcrawl-1.28.5 (webtiles) character file.

Game seed: 9320721352824352846

384929 Mehrunes the Cleaver (level 11, -1/67 HPs)
             Began as a Skeleton Fighter on Jan 27, 2021.
             Was a Priest of Kikubaaqudgha.
             Slain by a four-headed hydra (7 damage)
             ... on level 2 of the Lair of Beasts.
             The game lasted 00:27:03 (9801 turns).

Mehrunes the Cleaver (Skeleton Fighter)             Turns: 9801, Time: 00:27:03

Health: -1/67      AC: 15    Str: 22      XL:     11   Next: 40%
Magic:  0/20       EV:  8    Int:  9 (11) God:    Kikubaaqudgha [***...]
Gold:   710        SH: 13    Dex:  8      Spells: 1/10 levels left

rFire    . . .     SeeInvis .   w - +1 war axe (flame)
rCold    + . .     Gourm    .   c - +1 medium shield
rNeg     + + +     Faith    +   x - +0 plate armour
rPois    ∞         Spirit   +   (no helmet)
rElec    .         Reflect  .   y - scarf {clouds}
rCorr    .         Harm     .   (no gloves)
MR       +....                  (no boots)
Stlth    ..........             l - amulet of faith
HPRegen  0.21/turn              u - ring of magical power
MPRegen  0.17/turn              n - +2 ring of slaying

@: no status effects
A: no food or potions, cold resistance 1, deterioration 1, negative energy
resistance 3, powered by death 1, torment resistance, unbreathing, magic shield,
sturdy frame 2, spell healing
a: Receive Corpses, Renounce Religion, Evoke Fog


You were on level 2 of the Lair of Beasts.
You worshipped Kikubaaqudgha.
Kikubaaqudgha was most pleased with you.
You were not hungry.

You visited 3 branches of the dungeon, and saw 10 of its levels.
You also visited: Ossuary and Ice Cave.

You collected 710 gold pieces.

Inventory:

Hand Weapons
 i - a cursed +0 hunting sling
 w - a +1 war axe of flaming (weapon)
Armour
 c - a +1 medium shield (worn)
 x - a +0 plate armour (worn)
 y - a scarf of clouds (worn)
Magical Staves
 k - an uncursed staff of air
Jewellery
 f - an uncursed ring of see invisible
 l - an amulet of faith (around neck)
 m - a +3 ring of strength
 n - a +2 ring of slaying (right hand)
 q - an uncursed ring of resist corrosion
 r - a +7 ring of strength
 u - a ring of magical power (left hand)
 B - an uncursed amulet of the gourmand {unknown}
Wands
 b - a wand of polymorph (7)
 A - a wand of disintegration (12)
 C - a wand of random effects (5)
Scrolls
 a - 2 scrolls of fog
 d - 8 scrolls of identify
 e - 3 scrolls of enchant armour
 g - a scroll of noise
 h - a scroll of amnesia {unknown}
 j - 2 scrolls of magic mapping
 o - a scroll of summoning {unknown}
 p - 3 scrolls of enchant weapon {unknown}
 s - 3 scrolls of immolation {unknown}
 t - 2 scrolls of teleportation
 v - 7 scrolls of remove curse


   Skills:
 - Level 7.0 Fighting
 - Level 12.0 Axes
 - Level 11.0 Armour
 - Level 5.0 Dodging
 + Level 10.7 Shields


You had one spell level left.
You knew the following spells:

 Your Spells              Type           Power        Failure   Level  Hunger
a - Vampiric Draining     Necr           #.........   100%        3    N/A
b - Corpse Rot            Necr           N/A          100%        2    N/A
c - Agony                 Necr           #.......     100%        4    N/A

Your spell library contained the following spells:

 Spells                   Type           Power        Failure   Level  Hunger
 Animate Skeleton         Necr           N/A          100%        1    N/A
 Corona                   Hex            #......      100%        1    N/A
 Pain                     Necr           #.....       100%        1    N/A
 Passwall                 Tmut/Erth      #.......     100%        2    N/A
 Shackle                  Hex            #.......     100%        2    N/A
 Sticks to Snakes         Tmut           #.......     100%        2    N/A
 False Image              Hex/Summ       #.......     100%        3    N/A
 Inner Flame              Hex/Fire       N/A          100%        3    N/A
 Cause Fear               Hex            #.........   100%        4    N/A
 Yara's Violent Unravell  Hex/Tmut       #.........   100%        4    N/A
 Dispel Undead            Necr           #.......     100%        5    N/A
 Borgnjor's Vile Clutch   Necr/Erth      #.........   100%        6    N/A
 Death Channel            Chrm/Necr      #.........   100%        6    N/A
 Beastly Appendage        Tmut           Unusable     N/A         1    N/A
 Spider Form              Tmut/Pois      Unusable     N/A         3    N/A
 Ice Form                 Ice/Tmut       Unusable     N/A         4    N/A
 Blade Hands              Tmut           Unusable     N/A         5    N/A

Dungeon Overview and Level Annotations

Branches:
Dungeon (7/12)             Temple (1/1) D:5            Lair (2/6) D:7
  Swamp: Lair:2-4    Shoals: Lair:2-4     Snake: Lair:2-4    Spider: Lair:2-4

Altars:
Ashenzari
Cheibriados
Dithmenos
Elyvilon
Fedhas
Gozag
Hepliaklqana
Kikubaaqudgha
Lugonu
Makhleb
Nemelex Xobeh
Okawaru
Qazlal
Ru
Trog
Uskayaw
Vehumet
Wu Jian
Xom
Yredelemnul
Zin
The Shining One

Shops:
D:4 (   D:6 *


Innate Abilities, Weirdness & Mutations

You do not eat or drink.
You are immune to poison.
Your flesh is cold resistant. (rC+)
Your body sometimes deteriorates upon taking damage.
You are immune to negative energy. (rN+++)
You regenerate a little health from kills.
You are immune to unholy pain and torment.
You can survive without breathing.
When hurt, damage is shared between your health and your magic reserves.
Your movements are less encumbered by armour. (ER -4)
Casting spells heals you.


Message History

You block the crocodile's attack.
You slice the crocodile!! You burn the crocodile.
You kill the crocodile!
Kikubaaqudgha accepts your kill.
You see here a crocodile corpse.
You block the four-headed hydra's attack. x2
The four-headed hydra bites you!
* * * LOW HITPOINT WARNING * * *
The four-headed hydra bites you!
* * * LOW HITPOINT WARNING * * *
Okay, then.
Press: ? - help, v - describe, . - travel
Here: a water moccasin Unknown command.
You can't drink.
As you read the scroll labeled TEUFIH YNAVUEGIM, it crumbles to dust.
You feel aware of your surroundings.
It was a scroll of magic mapping.
The four-headed hydra bites you!
You die...
Kikubaaqudgha rasps: "You have failed me!
Welcome... oblivion!"

*** ##....>....#####YY..
****,* *..#..#§§§..# #.Y..
**,,,**#*#.#..§§§§P.# #.Y..
*,*,,,,#?#.§#.#§#§.#####....
*,,*,,,.....#§#§§§...#.#....
***,,,,,,*##..P§§§§§§#........
*,,*,,,,**#.F.§§§§§..##.##....
***,*,,,* ##D##§.##...#####..#
***,,** #P.@###....## ##.#
*,** #P...S.....#######.# *,*
*######.P##..##..†..# *,****,*
#####.###.###.# *,,,,,**
#.##..##### ****,,* #.###..#
*,** #..##.## *,** #.###.[#
*,,* ######.....##


You could see a four-headed hydra, a cane toad and a water moccasin.

Vanquished Creatures
  3 hydras
  Nergalle (Lair:2)
  Joseph (D:7)
  4 cane toads (Lair:1)
  A komodo dragon (Lair:2)
  4 ice devils
  A polar bear (Lair:2)
  Prince Ribbit (D:7)
  A hippogriff (Lair:1)
  A basilisk (Lair:2)
  A yak (D:7)
  3 crocodiles
  3 water moccasins (Lair:1)
  6 porcupines
  2 sky beasts (D:6)
  A phantom (D:6)
  2 orc warriors
  3 ice beasts (D:5)
  5 wolves (Lair:1)
  3 centaurs
  3 bullfrogs
  2 big kobolds
  7 scorpions
  5 wights (D:7)
  A howler monkey (D:7)
  2 crimson imps
  A bullfrog zombie (D:7)
  4 centaur zombies
  3 hounds
  A centaur skeleton (D:4)
  2 human zombies (Ossuary)
  Terence (D:2)
  3 orc wizards
  4 worker ants
  3 big kobold zombies (Ossuary)
  2 hound skeletons
  3 mummies (Ossuary)
  2 worker ant zombies (D:5)
  12 adders
  3 gnolls (D:6)
  6 scorpion zombies (Ossuary)
  2 shadow imps
  An ooze (D:1)
  An adder skeleton (D:5)
  3 worms
  4 dart slugs
  2 leopard geckos (D:3)
  14 orcs
  4 giant cockroaches
  4 gnoll zombies (Ossuary)
  2 goblins (D:2)
  4 hobgoblins
  11 jackals
  4 quokkas
  5 bats
  7 frilled lizards
  3 goblin zombies (Ossuary)
  16 kobolds
  2 kobold zombies (Ossuary)
  An orc zombie (Ossuary)
  A quokka skeleton (D:5)
  A quokka zombie (D:6)
  8 rats
  A fungus (Lair:2)
218 creatures vanquished.

Vanquished Creatures (others)
  A scorpion (Ossuary)
  2 fungi
  A plant (Lair:1)
4 creatures vanquished.

Grand Total: 222 creatures vanquished

Notes
Turn   | Place    | Note
-------+----------+-------------------------------------------
     0 | D:1      | Mehrunes the Skeleton Fighter began the quest for the Orb.
     0 | D:1      | Reached XP level 1. HP: 14/14 MP: 1/1
    50 | D:1      | Reached skill level 3 in Axes
   134 | D:1      | Reached XP level 2. HP: 19/19 MP: 2/2
   402 | D:1      | Reached skill level 4 in Axes
   761 | D:2      | Reached XP level 3. HP: 23/23 MP: 3/3
  1044 | D:2      | Found a blossoming altar of Fedhas.
  1074 | D:2      | Reached skill level 5 in Axes
  1189 | D:2      | Noticed Terence
  1256 | D:2      | Killed Terence
  1257 | D:2      | Reached XP level 4. HP: 8/28 MP: 4/4
  1761 | D:3      | Got a fine steel amulet
  1764 | D:3      | Identified the amulet of Xeakox {Inacc rN+} (You found it
                  | on level 3 of the Dungeon)
  1855 | D:3      | Found a hide-covered altar of Uskayaw.
  1888 | D:3      | Reached skill level 6 in Axes
  2062 | D:3      | Noticed a centaur
  2132 | D:4      | Found a bloodstained altar of Trog.
  2181 | D:4      | Reached XP level 5. HP: 32/32 MP: 5/5
  2404 | D:4      | Found a burning altar of Makhleb.
  2412 | D:4      | Reached skill level 7 in Axes
  2648 | D:4      | Found Laotera's Weapon Shop.
  2856 | D:5      | Entered Level 5 of the Dungeon
  2856 | D:5      | Found a sand-covered staircase.
  2869 | D:5      | Noticed an ice beast
  2881 | D:5      | Killed an ice beast
  2882 | D:5      | Reached skill level 8 in Axes
  2882 | D:5      | Gained mutation: You regenerate a little health from kills.
                  | [Skeleton growth]
  2882 | D:5      | Reached XP level 6. HP: 26/37 MP: 3/6
  2928 | Ossuary  | Entered an ossuary
  3103 | Ossuary  | Reached skill level 5 in Armour
  3127 | Ossuary  | Reached XP level 7. HP: 41/41 MP: 7/7
  3529 | D:5      | Found a staircase to the Ecumenical Temple.
  3647 | D:5      | Reached XP level 8. HP: 46/46 MP: 8/8
  3725 | Temple   | Entered the Ecumenical Temple
  3825 | Temple   | Became a worshipper of Kikubaaqudgha
  3998 | D:5      | Reached skill level 9 in Axes
  4895 | D:6      | Reached skill level 10 in Axes
  4927 | D:6      | Reached * piety under Kikubaaqudgha
  4927 | D:6      | Identified Kikubaaqudgha's Guide on Evil Rituals
                  | (Kikubaaqudgha gifted it to you on level 6 of the Dungeon)
  4927 | D:6      | Received a gift from Kikubaaqudgha
  4934 | D:6      | Learned a level 3 spell: Vampiric Draining
  4937 | D:6      | Learned a level 2 spell: Corpse Rot
  5056 | D:6      | Noticed a two-headed ogre
  5187 | D:6      | HP: 1/46 [orc warrior/+0 trident (5)]
  5190 | D:6      | Reached skill level 11 in Axes
  5411 | D:6      | Found a shimmering altar of Xom.
  5469 | D:6      | Found a hazy altar of Hepliaklqana.
  5630 | D:6      | Reached XP level 9. HP: 48/50 MP: 9/9
  5778 | D:6      | Found Qaalludd's Lightly-Used Armoury.
  5827 | D:6      | Reached skill level 12 in Axes
  5834 | D:6      | Reached ** piety under Kikubaaqudgha
  5951 | D:7      | Noticed Prince Ribbit
  6103 | D:7      | Reached skill level 10 in Armour
  6291 | D:7      | Found a staircase to the Lair.
  6363 | D:7      | Found a radiant altar of Vehumet.
  6455 | D:7      | Noticed Joseph
  6652 | D:7      | Killed Prince Ribbit
  6652 | D:7      | Reached *** piety under Kikubaaqudgha
  6652 | D:7      | Identified Kikubaaqudgha's Almanac of Unholy Rituals
                  | (Kikubaaqudgha gifted it to you on level 7 of the Dungeon)
  6652 | D:7      | Received a gift from Kikubaaqudgha
  6673 | D:7      | Killed Joseph
  6674 | D:7      | Reached skill level 5 in Shields
  6914 | D:7      | Gained mutation: Your movements are less encumbered by
                  | armour. (ER -4) [Skeleton growth]
  6914 | D:7      | Reached XP level 10. HP: 54/56 MP: 10/10
  7021 | Lair:1   | Entered Level 1 of the Lair of Beasts
  7288 | Lair:1   | Found a frozen archway.
  7377 | IceCv    | Entered an ice cave
  7857 | Lair:1   | Got a fading leather armour
  7889 | Lair:1   | Noticed a cane toad
  7889 | Lair:1   | Noticed a cane toad
  7911 | Lair:1   | Killed a cane toad
  7917 | Lair:1   | Reached skill level 1 in Dodging
  7917 | Lair:1   | Killed a cane toad
  8222 | Lair:1   | Noticed a cane toad
  8237 | Lair:1   | Killed a cane toad
  8238 | Lair:1   | Reached skill level 5 in Dodging
  8379 | Lair:1   | Noticed a seven-headed hydra
  8573 | Lair:1   | Noticed a cane toad
  8586 | Lair:1   | Killed a cane toad
  8587 | Lair:1   | Reached skill level 5 in Fighting
  8788 | Lair:1   | Killed a five-headed hydra
  8789 | Lair:1   | Reached XP level 11. HP: 35/64 MP: 11/11
  8859 | Lair:1   | Learned a level 4 spell: Agony
  9060 | Lair:2   | Noticed a six-headed hydra
  9083 | Lair:2   | Killed a one-headed hydra
  9693 | Lair:2   | Noticed a seven-headed hydra
  9711 | Lair:2   | Killed a one-headed hydra
  9712 | Lair:2   | Reached skill level 10 in Shields
  9755 | Lair:2   | Noticed Nergalle
  9763 | Lair:2   | Noticed a five-headed hydra
  9771 | Lair:2   | Killed Nergalle
  9801 | Lair:2   | Slain by a four-headed hydra

Skill      XL: |  1  2  3  4  5  6  7  8  9 10 11 |
---------------+----------------------------------+-----
Axes           | 3 4 5 6 8 11 12 | 12.0
Armour         | 5 8 11 | 11.0
Shields        | 5 9 10 | 10.7
Dodging        | 5 |  5.0
Fighting       | 6 7 |  7.0

Action                   |  1- 3 |  4- 6 |  7- 9 | 10-12 || total
-------------------------+-------+-------+-------+-------++-------
Melee: War axe           |   163 |   186 |   425 |   197 ||   971
Evoke: Wand              |       |       |       |     5 ||     5
  Use: Scroll            |       |     5 |       |     4 ||     9
Armor: Scale mail        |    73 |       |       |       ||    73
       Chain mail        |       |    85 |   111 |       ||   196
       Plate armour      |       |       |    91 |   134 ||   225
Dodge: Dodged            |    77 |    81 |    55 |    77 ||   290
Block: Medium shield     |    39 |       |   210 |   147 ||   396
